 Dungeon Crawl Stone Soup version 0.31.0-11-ge490571c62 (webtiles) character file.

Game seed: 10901249028789212208

296107 Minsecho the Slayer (level 20, -62/351 HPs)
             Began as an Oni Gladiator on Feb 9, 2024.
             Was the Champion of Nemelex Xobeh.
             Killed from afar by a crystal guardian (64 damage)
             ... with a crystal bolt
             ... in the Desolation of Salt.
             The game lasted 02:33:20 (59379 turns).

Minsecho the Slayer (Oni Gladiator)                Turns: 59379, Time: 02:33:22

Health: -62/351    AC: 20    Str: 27    XL:     20   Next: 90%
Magic:  33/33      EV: 16    Int:  9    God:    Nemelex Xobeh [******]
Gold:   539        SH:  0    Dex: 18    Spells: 18/19 levels left

rFire   . . .        y - +3 dire flail (freeze)
rCold   . . .        (shield currently unavailable)
rNeg    . . .        a - +2 acid dragon scales
rPois   +            X - +2 hat
rElec   +            F - +1 cloak {rPois}
rCorr   +            (gloves unavailable)
SInv    .            (boots unavailable)
Will    +....        D - amulet of the acrobat Stlth
                     p - +6 ring of dexterity
HPRegen 0.78/turn    b - +4 ring of protection
MPRegen 0.23/turn

%: acrobat, clarity
@: confused, berserking, weak-willed, ambrosia-drunk, very quick
A: large, unfitting armour, horns 2, tough skin 1, double potion healing,
drunken brawling, hooves 1, clarity, strong-willed 1, electricity resistance
}: 2/15 runes: decaying, gossamer
a: Renounce Religion, Draw Escape, Draw Destruction, Draw Summoning, Draw Stack,
Triple Draw, Deal Four, Stack Five


You were in the Desolation of Salt.
You worshipped Nemelex Xobeh.
Nemelex Xobeh was exalted by your worship.
You visited 6 branches of the dungeon, and saw 33 of its levels.
You visited 1 bazaar.
You also visited: Desolation.

You collected 5746 gold pieces.
You spent 5207 gold pieces at shops.

Inventory:

Hand Weapons
 d - a +1 sacred scourge of holy wrath
 m - the +5 whip of Death {speed, rCorr SInv}
   (You bought it in a shop in a bazaar)

   SInv:      It lets you see invisible.
   rCorr:     It protects you from acid and corrosion.
 y - a +3 dire flail of freezing (weapon)
Missiles
 H - 17 large rocks (quivered)
Armour
 a - +2 acid dragon scales (worn)
 F - a +1 cloak of poison resistance (worn)
 P - a +0 cloak of willpower
 R - the +0 hat "Qasahiaweph" {rElec rPois Will- rCorr}
   (You found it in the Desolation of Salt)

   rElec:     It insulates you from electricity.
   rPois:     It protects you from poison Will-: It decreases your willpower.
   rCorr:     It protects you from acid and corrosion.
 X - a +2 hat (worn)
Jewellery
 b - a +4 ring of protection (right hand)
 e - a +5 ring of evasion
 p - a +6 ring of dexterity (left hand)
 r - a ring of protection from cold
 t - a ring of protection from fire
 D - an amulet of the acrobat (around neck)
 I - a ring of protection from cold
 N - a ring of poison resistance
Talismans
 i - a beast talisman
Wands
 w - a wand of flame (42)
 x - a wand of iceblast (29)
 B - a wand of paralysis (53)
 C - a wand of mindburst (48)
 T - a wand of digging (14)
 V - a wand of polymorph (18)
Scrolls
 f - 4 scrolls of blinking
 h - 4 scrolls of teleportation
 q - a scroll of amnesia
 s - 2 scrolls of butterflies
 u - 6 scrolls of enchant weapon
 G - 3 scrolls of fog
 J - 5 scrolls of vulnerability
 O - 4 scrolls of poison
 W - a scroll of revelation
 Z - 2 scrolls of immolation
Potions
 c - a potion of berserk rage
 g - 3 potions of enlightenment
 j - 4 potions of lignification
 k - a potion of ambrosia
 l - 5 potions of curing
 n - 6 potions of attraction
 v - 2 potions of mutation
 z - 4 potions of might
 E - 4 potions of resistance
 K - 5 potions of invisibility
 S - 7 potions of haste
 U - 4 potions of magic
 Y - 3 potions of cancellation
Miscellaneous
 o - a tin of tremorstones (2/2)
 L - a lightning rod (4/4)
 M - a phantom mirror
 Q - a phial of floods


   Skills:
 + Level 21.6 Fighting
 + Level 18.9(19.4) Maces & Flails
 - Level 8.0(14.5) Staves
 + Level 9.0 Throwing
 * Level 10.8 Armour
 + Level 12.5 Dodging
 - Level 1.0 Stealth
 + Level 2.5 Shields
 * Level 18.6 Invocations
 + Level 3.1 Evocations
 - Level 8.9 Shapeshifting


You had 18 spell levels left.
You knew the following spells:

 Your Spells              Type           Power      Damage    Failure   Level
a - Slow                  Hex            0%         N/A       43%         1

Your spell library contained the following spells:

 Spells                   Type           Power      Damage    Failure   Level
 Kiss of Death            Conj/Necr      0%         2d5       43%         1
 Necrotise                Necr           0%         1d4       43%         1
 Call Imp                 Summ           0%         N/A       56%         2
 Cigotuvi's Dreadful Rot  Necr/Alch/Air  0%         N/A       56%         2
 Searing Ray              Conj           0%         2d4       56%         2
 Call Canine Familiar     Summ           0%         N/A       80%         3
 Confusing Touch          Hex            0%         N/A       80%         3
 Frozen Ramparts          Ice            0%         1d1       80%         3
 Fugue of the Fallen      Necr           0%         N/A       80%         3
 Ozocubu's Armour         Ice            0%         N/A       80%         3
 Sigil of Binding         Hex            0%         N/A       80%         3
 Tukima's Dance           Hex            0%         N/A       80%         3
 Vampiric Draining        Necr           0%         2d6       80%         3
 Volatile Blastmotes      Fire/Tloc      0%         2d10      80%         3
 Animate Dead             Necr           0%         N/A       99%         4
 Brom's Barrelling Bould  Conj/Erth      0%         2d3       99%         4
 Dimensional Bullseye     Hex/Tloc       0%         N/A       99%         4
 Dispel Undead            Necr           0%         3d6       99%         4
 Fulminant Prism          Conj/Alch      0%         3d5       99%         4
 Ignite Poison            Fire/Alch      0%         N/A       99%         4
 Iskenderun's Mystic Bla  Conj/Tloc      0%         2d3       99%         4
 Leda's Liquefaction      Alch/Erth      0%         N/A       99%         4
 Manifold Assault         Tloc           0%         N/A       99%         4
 Martyr's Knell           Necr/Summ      0%         N/A       99%         4
 Passage of Golubria      Tloc           0%         N/A       99%         4
 Petrify                  Alch/Erth      0%         N/A       99%         4
 Sticky Flame             Fire/Alch      0%         2d4       99%         4
 Vhi's Electric Charge    Tloc/Air       0%         N/A       99%         4
 Arcjolt                  Conj/Air       0%         1d10      100%        5
 Borgnjor's Vile Clutch   Necr/Erth      0%         N/A       100%        5
 Curse of Agony           Necr           0%         N/A       100%        5
 Fireball                 Conj/Fire      0%         3d3       100%        5
 Iskenderun's Battlesphe  Conj           0%         2d6       100%        5
 Metabolic Englaciation   Hex/Ice        0%         N/A       100%        5
 Yara's Violent Unravell  Hex/Alch       0%         3d3       100%        5
 Conjure Ball Lightning   Conj/Air       0%         3x3d6     100%        6
 Death Channel            Necr           0%         N/A       100%        6
 Sculpt Simulacrum        Ice/Alch       0%         N/A       100%        6
 Haunt                    Necr/Summ      0%         N/A       100%        7
 Orb of Destruction       Conj           0%         9d5       100%        7
 Summon Hydra             Summ           0%         N/A       100%        7
 Ignition                 Fire           0%         3d3       100%        8
 Infestation              Necr           0%         N/A       100%        8
 Lehudib's Crystal Spear  Conj/Erth      0%         10d2      100%        8
 Maxwell's Capacitive Co  Air            0%         ∞         100%        8
 Dragon's Call            Summ           0%         N/A       100%        9


Dungeon Overview and Level Annotations

Branches:
Dungeon (15/15)            Temple (0/1) D:4            Lair (5/5) D:9
  Swamp (4/4) Lair:3       Spider (4/4) Lair:2        Slime (0/5) Lair:4
    Orc (2/2) D:10            Elf (0/3) Orc:2        Vaults (3/5) D:13
  Crypt (0/3) Vaults:2     Depths (0/4) D:15        Desolation (1/1)

Altars:
Dithmenos
Elyvilon
Fedhas
Gozag
Nemelex Xobeh
Qazlal
Trog
Vehumet
Wu Jian
Zin
The Shining One
Lugonu

Shops:
D:10 (   Orc:2 **:[   Vaults:1 ?[?   Vaults:2 *

Portals:
Abyss: Lair:5

Annotations:
D:8 3 runed translucent doors, FoolsGold's ghost, journeyman FoHu; MiniGinger's ghost, novice GnSh


Innate Abilities, Weirdness & Mutations

You are too large for most types of armour.
You have a pair of horns on your head.
You have tough skin. (AC +1)
You gain doubled healing and magic from potions.
Whenever you drink a healing potion, you attack all around you.
You have large cloven feet.
You possess an exceptional clarity of mind.
You are strong-willed. (Will+)
You are resistant to electric shocks. (rElec)


Message History

The crystal guardian hits you!!
The imperial myrmidon hits you with a +0 scimitar.
Unknown command.
Unknown command.
Unknown command.
You bump into the rock wall.
The crystal guardian fires a crystalline bolt at you.
The crystal bolt burns you!!! The crystal bolt burns you!!
* * * LOW HITPOINT WARNING * * *
The crystal bolt burns the crystal guardian.
The crystal guardian completely resists.
The imperial myrmidon points at you and mumbles some strange words.
You resist with significant effort.
Unknown command.
You take a swig of the potion and twirl your +3 dire flail of freezing.
You hit the crystal guardian.
You kick the crystal guardian, but do no damage.
The crystal guardian is moderately damaged.
You sock the imperial myrmidon! You freeze the imperial myrmidon.
Your kick misses the imperial myrmidon.
The imperial myrmidon is severely wounded.
You savour every drop.
You feel much better.
The crystal guardian fires a crystalline bolt at you.
The crystal bolt freezes you!!!
* * * LOW HITPOINT WARNING * * *
The crystal bolt freezes you!!!
* * * LOW HITPOINT WARNING * * *
The crystal bolt freezes the crystal guardian.
The crystal guardian completely resists.
The imperial myrmidon points at you and mumbles some strange words.
You barely resist.
Unknown command.
A red film seems to cover your vision as you go berserk!
You feel yourself moving faster!
You feel mighty!
The imperial myrmidon hits you with a +0 scimitar!
* * * LOW HITPOINT WARNING * * *
The crystal guardian fires a crystalline bolt at you.
The crystal bolt freezes you!!!
You die...
Your body glows with a rainbow of weird colours and disappears.

#... .... #.........#
####......#§§#
#####......#§§#####=
######...#..#........
######..#...#9#.....)
.. ######..#...#@a#
.. ######....).####
.. ######...#.....#
.. ######.........#
.. ######......#.....
.. ######............
...
######............
.......
######.............
.......
######..............
.......


You could see an imperial myrmidon and a crystal guardian.

Vanquished Creatures
  Bai Suzhen (Swamp:4)
  Arachne (Spider:2)
  Mlioglotl (Swamp:4)
  Asterion (Spider:1)
  A sphinx (D:15)
  An ancient champion (Vaults:2)
  2 thorn hunters
  3 fenstrider witches (Swamp:4)
  5 vault wardens
  An imperial myrmidon (Desolation)
  A frost giant (D:15)
  4 emperor scorpions
  2 ghost moths (Spider:4)
  2 angels (Vaults:3)
  4 orc warlords
  6 ironbound preservers
  2 ironbound thunderhulks (Vaults:2)
  A dire elephant (Vaults:1)
  A halazid warlock (Desolation)
  2 spark wasps (Spider:4)
  8 eleionomae
  A war gargoyle (Vaults:2)
  6 bunyips
  A fire dragon (D:15)
  A green death (Swamp:4)
  A crystal guardian (Vaults:2)
  A blizzard demon (Swamp:4)
  A shambling mangrove (Swamp:3)
  7 yaktaur captains
  6 ragged hierophants (Desolation)
  4 great orbs of eyes
  An entropy weaver (Spider:3)
  4 servants of whispers (Desolation)
  2 vault guards (Vaults:3)
  8 ogre magi
  3 radroaches
  6 peacekeepers
  A spriggan air mage (Swamp:3)
  2 catoblepae
  4 ghost crabs
  19 hydras
  12 alligators
  9 centaur warriors
  3 ironbound frosthearts
  9 boulder beetles
  4 tengu warriors
  20 two-headed ogres
  6 death yaks
  A deep troll earth mage (D:15)
  4 death scarabs (Spider:4)
  5 orc high priests
  2 demonic crawlers
  An occultist (D:15)
  3 thrashing horrors (Lair:5)
  A soul eater (Swamp:4)
  Nergalle (D:10)
  2 deep elf knights (D:15)
  A sixfirhy (Swamp:4)
  2 fire crabs (D:15)
  7 skeletal warriors (Vaults:2)
  A death drake (Swamp:4)
  4 goliath frogs
  8 pharaoh ants
  5 spriggan druids
  8 arcanists
  2 glowing orange brains
  13 deep trolls
  5 swamp dragons
  2 spectral wolf spiders (Spider:4)
  6 orb spiders
  8 ironbound convokers
  3 sun moths
  3 bog bodies
  A necromancer (Vaults:2)
  19 orc knights
  8 lindwurms
  A steelbarb worm (Spider:4)
  3 broodmother zombies (Spider:4)
  A phantasmal warrior (D:15)
  27 ugly things
  3 oklob plants
  5 deep elf pyromancers
  3 deep elf zephyrmancers
  14 wolf spiders
  2 moths of wrath (Spider:4)
  9 orc sorcerers
  9 will-o-the-wisps
  3 kobold blastminers
  8 manticores
  A tengu skeleton (Vaults:2)
  8 cyclopes
  5 meliai
  A stone giant skeleton (Vaults:2)
  A black mamba (shapeshifter) (D:15)
  6 elephants
  2 gargoyles (D:12)
  3 guardian serpents (Desolation)
  5 smoke demons
  A fire giant skeleton (Vaults:2)
  3 torpor snails
  4 orange demons (Swamp:4)
  11 cane toads
  An unseen horror (shapeshifter) (D:15)
  9 vault sentinels
  An unseen horror (D:12)
  2 rime drakes
  Maggie (Lair:2)
  An efreet (D:15)
  2 spectral redbacks (Spider:4)
  10 komodo dragons
  17 yaktaurs
  A tengu conjurer (D:15)
  A yaktaur skeleton (Vaults:2)
  A yaktaur (shapeshifter) (D:15)
  A queen bee (shapeshifter) (D:15)
  6 trolls
  A hydra zombie (Swamp:1)
  A bloated husk (Swamp:3)
  A hellwing (Swamp:4)
  A blink frog (shapeshifter) (Lair:5)
  A raiju (shapeshifter) (Lair:5)
  42 saltlings (Desolation)
  2 spectral culicivoras (Spider:4)
  A hornet (shapeshifter) (D:15)
  10 hornets
  5 polar bears
  Prince Ribbit (D:5)
  A culicivora zombie (Spider:4)
  4 spectral jumping spiders (Spider:4)
  8 tyrant leeches
  5 dream sheep
  Grinder (D:3)
  30 tarantellas
  16 blink frogs
  A raiju (Lair:5)
  A spectral tarantella (Spider:4)
  2 tarantella zombies (Spider:4)
  27 jumping spiders
  2 shadows
  A vampire (D:9)
  18 culicivoras
  32 slime creatures
  10 spriggans
  2 ynoxinuls (Lair:5)
  9 wyverns
  7 basilisks
  4 wraiths
  38 yaks
  A golden eye (Lair:4)
  A steam dragon (Lair:4)
  35 redbacks
  3 wargs
  6 vampire mosquitoes (D:15)
  13 swamp worms
  An acid dragon (D:12)
  2 human skeletons (Vaults:2)
  10 water moccasins
  5 swamp drakes
  A glowing shapeshifter skeleton (Vaults:2)
  A sky beast (D:6)
  2 black bears
  26 orc warriors
  2 laughing skulls (D:14)
  2 ice beasts
  3 boggarts
  8 ogres
  19 wolves
  20 centaurs
  A tengu (Vaults:1)
  5 kobold brigands
  2 phantoms
  12 bullfrogs
  Blork the orc (D:5)
  3 brain worms
  4 scorpions
  11 small abominations (Lair:5)
  9 wights
  A hornet simulacrum (D:15)
  4 killer bees
  8 electric eels
  9 howler monkeys
  2 bombardier beetles
  2 jellies (Lair:4)
  5 hounds
  Crazy Yiuf (D:2)
  Natasha (twice) (D:3)
  23 orc priests
  A sleepcap (D:7)
  A gnoll bouda (D:8)
  5 iguanas
  28 orc wizards
  Robin (D:2)
  10 gnolls
  5 adders
  A shadow imp (D:5)
  2 white imps
  2 ufetubi (D:7)
  6 dart slugs
  3 ribbon worms
  69 orcs
  9 endoplasms
  2 giant cockroaches (D:4)
  9 hobgoblins
  5 jackals
  5 quokkas
  4 ball pythons
  5 bats
  A frilled lizard (D:3)
  17 goblins
  15 kobolds
  7 rats
1275 creatures vanquished.

Vanquished Creatures (collateral kills)
  Jorgrun (D:12)
  A thorn hunter (Swamp:4)
  2 fenstrider witches
  A two-headed ogre (D:10)
  A goliath frog (Swamp:4)
  A bog body (Swamp:1)
  A swamp dragon (Swamp:1)
  An ugly thing (D:14)
  Joseph (D:7)
  A hydra zombie (Swamp:1)
  5 hornets
  2 culicivoras (Lair:2)
  2 spriggans (Swamp:1)
  A gnoll sergeant (D:10)
  A scorpion (D:7)
  A wight (D:7)
  5 killer bees (D:8)
  2 electric eels (D:7)
  An orc wizard (D:7)
  A gnoll (D:10)
  3 orcs
35 creatures vanquished.

Vanquished Creatures (others)
  A bloated husk (Swamp:1)
  A culicivora (Spider:4)
  A redback simulacrum (D:15)
  A boggart (D:15)
  An endoplasm (Lair:4)
  14 foxfires
  2 starspawn tentacles (Swamp:4)
21 creatures vanquished.

Grand Total: 1331 creatures vanquished

Notes
Turn   | Place    | Note
-------+----------+-------------------------------------------
     0 | D:1      | Minsecho the Oni Gladiator began the quest for the Orb.
     0 | D:1      | Reached XP level 1. HP: 22/22 MP: 1/1
   192 | D:1      | Reached XP level 2. HP: 29/29 MP: 2/2
   227 | D:1      | Reached skill level 3 in Fighting
   883 | D:2      | Reached XP level 3. HP: 34/37 MP: 3/3
  1167 | D:2      | Noticed Robin
  1171 | D:2      | Reached skill level 4 in Fighting
  1171 | D:2      | Reached XP level 4. HP: 18/48 MP: 4/4
  1174 | D:2      | Killed Robin
  1679 | D:2      | Reached XP level 5. HP: 53/54 MP: 5/5
  1699 | D:2      | Found a faded altar of an unknown god.
  1729 | D:2      | Prayed at the altar of an unknown god.
  1729 | D:2      | Became a worshipper of Nemelex Xobeh the Trickster
  1729 | D:2      | Reached * piety under Nemelex Xobeh
  1765 | D:2      | Found a runed translucent door.
  1766 | D:2      | Noticed Crazy Yiuf
  1923 | D:2      | Killed Crazy Yiuf
  1979 | D:3      | Received a gift from Nemelex Xobeh
  1993 | D:3      | Reached skill level 1 in Stealth
  2003 | D:3      | Noticed Natasha
  2005 | D:3      | Natasha changed into Natasha the frilled lizard
  2005 | D:3      | Noticed Natasha
  2009 | D:3      | Killed Natasha the frilled lizard
  2052 | D:3      | Noticed Natasha
  2055 | D:3      | Killed Natasha
  2056 | D:3      | Reached skill level 1 in Invocations
  2109 | D:3      | Noticed Natasha
  2111 | D:3      | Killed Natasha
  2122 | D:3      | Noticed Grinder
  2128 | D:3      | Killed Grinder
  2129 | D:3      | Reached skill level 5 in Staves
  2129 | D:3      | Reached XP level 6. HP: 63/63 MP: 5/7
  2409 | D:4      | Reached ** piety under Nemelex Xobeh
  2480 | D:4      | Received a gift from Nemelex Xobeh
  2526 | D:4      | Reached XP level 7. HP: 71/71 MP: 8/8
  2933 | D:4      | Found a staircase to the Ecumenical Temple.
  2955 | D:5      | Entered Level 5 of the Dungeon
  3001 | D:5      | Reached skill level 5 in Fighting
  3032 | D:5      | Noticed Blork the orc
  3162 | D:5      | Killed Blork the orc
  3255 | D:5      | Received a gift from Nemelex Xobeh
  3502 | D:5      | Reached XP level 8. HP: 65/80 MP: 10/10
  3691 | D:5      | Received a gift from Nemelex Xobeh
  3945 | D:5      | Noticed Prince Ribbit
  3955 | D:5      | Killed Prince Ribbit
  4278 | D:6      | Reached skill level 6 in Fighting
  4645 | D:6      | Reached skill level 5 in Invocations
  4762 | D:6      | Learned a level 1 spell: Slow
  4767 | D:6      | Reached *** piety under Nemelex Xobeh
  4781 | D:6      | Reached XP level 9. HP: 85/92 MP: 12/12
  4841 | D:6      | Found a stormy altar of Qazlal.
  4912 | D:6      | Reached skill level 5 in Dodging
  5574 | D:7      | Noticed a hornet
  5582 | D:7      | Paralysed by a hornet for 2 turns
  5587 | D:7      | Killed a hornet
  5588 | D:7      | Reached skill level 7 in Fighting
  5588 | D:7      | Reached skill level 1 in Maces & Flails
  5588 | D:7      | Reached skill level 1 in Shapeshifting
  5595 | D:7      | HP: 4/93 [white imp (3)]
  6511 | D:7      | Received a gift from Nemelex Xobeh
  7224 | D:7      | Noticed Joseph
  7231 | D:7      | Killed Joseph
  7232 | D:7      | Reached XP level 10. HP: 69/102 MP: 15/15
  8073 | D:8      | Reached skill level 5 in Maces & Flails
  8547 | D:8      | Reached **** piety under Nemelex Xobeh
  8572 | D:8      | Found a runed translucent gate.
  8572 | D:8      | Found a runed translucent gate.
  8572 | D:8      | Found a runed translucent gate.
  8573 | D:8      | Noticed FoolsGold's ghost (journeyman FoHu)
  8575 | D:8      | Noticed MiniGinger's ghost (novice GnSh)
  8686 | D:8      | Identified the +0 hand axe "Xuwn" {flame, rN+ Will+++ MP+9
                  | Dex-2}
  8689 | D:8      | Reached skill level 8 in Fighting
  8690 | D:8      | Reached skill level 1 in Evocations
  8988 | D:8      | Received a gift from Nemelex Xobeh
  9247 | D:9      | Found a staircase to the Lair.
  9518 | D:9      | Received a gift from Nemelex Xobeh
  9565 | D:9      | Noticed a great orb of eyes
  9576 | D:9      | Killed a great orb of eyes
  9577 | D:9      | Reached XP level 11. HP: 50/113 MP: 16/16
 10095 | D:9      | Noticed a cyclops
 10108 | D:9      | Killed a cyclops
 10353 | D:9      | Noticed a brown ugly thing
 10355 | D:9      | Noticed a red ugly thing
 10360 | D:9      | Banished a brown ugly thing
 10402 | Lair:1   | Entered Level 1 of the Lair of Beasts
 10421 | Lair:1   | Received a gift from Nemelex Xobeh
 10645 | Lair:1   | Received a gift from Nemelex Xobeh
 11064 | Lair:1   | Reached ***** piety under Nemelex Xobeh
 11342 | Lair:1   | Found a blossoming altar of Fedhas.
 11344 | Lair:1   | Noticed an oklob plant
 11345 | Lair:1   | Noticed an oklob plant
 11882 | Lair:1   | Killed an oklob plant
 11999 | Lair:1   | Killed an oklob plant
 12000 | Lair:1   | Reached skill level 9 in Fighting
 12476 | Lair:2   | Reached skill level 10 in Maces & Flails
 12779 | Lair:2   | Noticed Maggie
 12783 | Lair:2   | Killed Maggie
 12784 | Lair:2   | Reached XP level 12. HP: 96/123 MP: 18/18
 12908 | Lair:2   | Received a gift from Nemelex Xobeh
 12958 | Lair:2   | Found a hole to the Spider Nest.
 13360 | Lair:3   | Received a gift from Nemelex Xobeh
 13644 | Lair:3   | Reached skill level 5 in Throwing
 13655 | Lair:3   | Reached skill level 1 in Armour
 14038 | Lair:3   | Found a staircase to the Swamp.
 14042 | Lair:3   | Reached skill level 5 in Shapeshifting
 14218 | Lair:3   | Reached skill level 10 in Fighting
 14237 | Lair:3   | Noticed a five-headed hydra
 14380 | Lair:3   | Received a gift from Nemelex Xobeh
 14409 | Lair:3   | Killed a five-headed hydra
 15104 | Lair:4   | Received a gift from Nemelex Xobeh
 15106 | Lair:4   | Found a staircase to the Slime Pits.
 15106 | Lair:4   | Noticed a catoblepas
 15119 | Lair:4   | Killed a catoblepas
 15423 | Lair:4   | Noticed a seven-headed hydra
 15427 | Lair:4   | Noticed a four-headed hydra
 15429 | Lair:4   | Killed a seven-headed hydra
 15439 | Lair:4   | Killed a four-headed hydra
 15440 | Lair:4   | Reached skill level 10 in Invocations
 15440 | Lair:4   | Reached XP level 13. HP: 115/135 MP: 20/20
 15593 | Lair:4   | Identified the +0 leather armour of Negation {rElec rN+
                  | Regen+}
 16285 | Lair:5   | Entered Level 5 of the Lair of Beasts
 16853 | Lair:4   | Reached skill level 11 in Fighting
 17590 | Lair:5   | Received a gift from Nemelex Xobeh
 18422 | Lair:5   | Reached XP level 14. HP: 132/146 MP: 22/22
 18866 | Lair:5   | Received a gift from Nemelex Xobeh
 19120 | Lair:5   | Found a corrupted altar of Lugonu.
 19120 | Lair:5   | Found a one-way gate to the infinite horrors of the Abyss.
 19586 | Lair:5   | Reached skill level 12 in Fighting
 20008 | Lair:5   | Reached ****** piety under Nemelex Xobeh
 20347 | D:10     | Entered Level 10 of the Dungeon
 20359 | D:10     | Found an opulent altar of Gozag.
 20359 | D:10     | Found a shadowy altar of Dithmenos.
 20360 | D:10     | Found a blossoming altar of Fedhas.
 20430 | D:10     | Noticed Nergalle
 20449 | D:10     | Killed Nergalle
 20562 | D:10     | Received a gift from Nemelex Xobeh
 20571 | D:10     | Found Sytepp's Antique Weapon Shop.
 20734 | D:10     | Found a staircase to the Orcish Mines.
 21117 | D:11     | Found a radiant altar of Vehumet.
 21276 | D:11     | Received a gift from Nemelex Xobeh
 21505 | D:11     | Received a gift from Nemelex Xobeh
 21993 | D:12     | Noticed Jorgrun
 22305 | D:12     | Killed Jorgrun
 22306 | D:12     | Reached skill level 15 in Maces & Flails
 22552 | D:12     | Reached skill level 13 in Fighting
 22987 | D:12     | Received a gift from Nemelex Xobeh
 23309 | Swamp:1  | Entered Level 1 of the Swamp
 23566 | Swamp:1  | Reached XP level 15. HP: 137/161 MP: 24/24
 23632 | Swamp:1  | Noticed a fenstrider witch
 23641 | Swamp:1  | Killed a fenstrider witch
 23642 | Swamp:1  | Reached skill level 5 in Armour
 24723 | Swamp:1  | Reached skill level 14 in Fighting
 24901 | Swamp:1  | Received a gift from Nemelex Xobeh
 25203 | Swamp:1  | Got the Directory of Reanimation Made Easy
 25323 | Swamp:1  | Found a sparkling altar of Nemelex Xobeh.
 27008 | Swamp:2  | Received a gift from Nemelex Xobeh
 27442 | Swamp:2  | Reached skill level 15 in Fighting
 28320 | Swamp:3  | Reached XP level 16. HP: 156/176 MP: 26/26
 28469 | Swamp:3  | Noticed a thorn hunter
 28481 | Swamp:3  | Killed a thorn hunter
 28970 | Swamp:4  | Entered Level 4 of the Swamp
 29267 | Swamp:4  | Identified the dragon-blood talisman of Rotten Satisfaction
                  | {Str+3 Int+2}
 29267 | Swamp:4  | Noticed Bai Suzhen
 29337 | Swamp:4  | Killed Bai Suzhen
 29423 | Swamp:4  | Noticed a thorn hunter
 29450 | Swamp:4  | Killed a thorn hunter
 29463 | Swamp:4  | Reached skill level 16 in Fighting
 29897 | Swamp:4  | Noticed a thorn hunter
 30256 | Swamp:4  | Killed a thorn hunter
 30712 | Swamp:4  | Received a gift from Nemelex Xobeh
 30732 | Swamp:4  | Noticed a fenstrider witch
 30738 | Swamp:4  | Killed a fenstrider witch
 30825 | Swamp:4  | Noticed Mlioglotl
 30832 | Swamp:4  | Noticed a tentacled starspawn
 30835 | Swamp:4  | Noticed a tentacled starspawn
 30836 | Swamp:4  | Killed Mlioglotl
 31030 | Swamp:4  | Noticed a fenstrider witch
 31030 | Swamp:4  | Noticed a fenstrider witch
 31615 | Swamp:4  | Identified the +4 demon trident of Cyrghah {venom, rElec
                  | rC+ Str+2}
 31618 | Swamp:4  | Killed a fenstrider witch
 31861 | Swamp:4  | Noticed a fenstrider witch
 31864 | Swamp:4  | Killed a fenstrider witch
 32004 | Swamp:4  | Got a decaying rune of Zot
 32018 | Swamp:4  | Killed a fenstrider witch
 32477 | D:12     | Reached XP level 17. HP: 182/188 MP: 28/28
 32764 | D:13     | Found a gate to the Vaults.
 33144 | D:13     | Reached skill level 15 in Invocations
 33424 | D:13     | Received a gift from Nemelex Xobeh
 34474 | D:14     | Reached skill level 17 in Fighting
 34863 | D:14     | Received a gift from Nemelex Xobeh
 35141 | D:15     | Entered Level 15 of the Dungeon
 35590 | D:15     | Reached skill level 10 in Dodging
 35918 | D:15     | Found an ornate altar of the Wu Jian Council.
 35918 | D:15     | Found a glowing silver altar of Zin.
 35919 | D:15     | Found a bloodstained altar of Trog.
 36246 | D:15     | Found a staircase to the Depths.
 36810 | D:15     | Noticed a sphinx
 36819 | D:15     | Killed a sphinx
 37214 | D:15     | Received a gift from Nemelex Xobeh
 37529 | D:15     | Reached XP level 18. HP: 134/202 MP: 29/29
 37545 | D:15     | Reached skill level 18 in Fighting
 38666 | Spider:1 | Entered Level 1 of the Spider Nest
 38951 | Spider:1 | Noticed Asterion
 39371 | Spider:1 | Received a gift from Nemelex Xobeh
 39684 | Spider:1 | Killed Asterion
 39892 | Spider:1 | Reached skill level 1 in Shields
 41141 | Spider:2 | Received a gift from Nemelex Xobeh
 41142 | Spider:2 | Gained mutation: You have a pair of horns on your head.
                  | [potion of mutation]
 41142 | Spider:2 | Gained mutation: Your spells are a little harder to cast,
                  | but a little more powerful. [potion of mutation]
 42052 | Spider:3 | Noticed Arachne
 42069 | Spider:2 | Killed Arachne
 42915 | Spider:3 | Reached skill level 19 in Fighting
 44089 | Spider:4 | Entered Level 4 of the Spider Nest
 44454 | Spider:4 | Received a gift from Nemelex Xobeh
 45756 | Spider:4 | Reached XP level 19. HP: 203/212 MP: 17/31
 46249 | Spider:4 | Received a gift from Nemelex Xobeh
 46723 | Spider:4 | Got a gossamer rune of Zot
 47369 | Orc:1    | Entered Level 1 of the Orcish Mines
 48412 | Orc:2    | Entered Level 2 of the Orcish Mines
 48412 | Orc:2    | Found a staircase to the Elven Halls.
 48918 | Orc:2    | Received a gift from Nemelex Xobeh
 49517 | Orc:2    | Gained mutation: You are weak. (Str -2) [a neqoxec]
 49556 | Orc:2    | Found Icefol's Antique Armour Emporium.
 49556 | Orc:2    | Found Uroevoxo's Assorted Antiques.
 49766 | Orc:2    | Found Qoanoapa's Book Emporium.
 49766 | Orc:2    | Found Kiomo's General Store.
 50286 | Orc:2    | Bought a potion of heal wounds for 170 gold pieces
 50286 | Orc:2    | Bought a scroll of teleportation for 102 gold pieces
 50286 | Orc:2    | Bought a potion of resistance for 340 gold pieces
 50288 | Orc:2    | Bought a potion of haste for 140 gold pieces
 50288 | Orc:2    | Bought a potion of ambrosia for 112 gold pieces
 50288 | Orc:2    | Bought a scroll of enchant weapon for 105 gold pieces
 50288 | Orc:2    | Bought a potion of haste for 140 gold pieces
 50293 | Orc:2    | Bought an embroidered cloak for 217 gold pieces
 50455 | Orc:1    | Received a gift from Nemelex Xobeh
 50986 | Vaults:1 | Entered Level 1 of the Vaults
 50995 | Vaults:1 | Found Souqoiny's Magic Scroll Boutique.
 51004 | Vaults:1 | Found a flickering gateway to a bazaar.
 51050 | Bazaar   | Entered a bazaar
 51055 | Bazaar   | Found Momyz's General Store.
 51064 | Bazaar   | Found Weciob's Antique Weapon Shop.
 51073 | Bazaar   | Found Nireff's Jewellery Boutique.
 51085 | Bazaar   | Found Minkig's Armour Boutique.
 51110 | Bazaar   | Bought a fine morningstar for 171 gold pieces
 51110 | Bazaar   | Identified the +2 morningstar of the Ghost {venom, Int+2}
                  | (You bought it in a shop in a bazaar)
 51110 | Bazaar   | Bought an encrusted whip for 142 gold pieces
 51110 | Bazaar   | Identified the +5 whip of Death {speed, rCorr SInv} (You
                  | bought it in a shop in a bazaar)
 51123 | Bazaar   | Bought an Everburning Encyclopedia for 456 gold pieces
 51155 | Vaults:1 | Bought a scroll of acquirement for 936 gold pieces
 51155 | Vaults:1 | Acquired 631 gold pieces
 51720 | Vaults:1 | Received a gift from Nemelex Xobeh
 51763 | Vaults:1 | Found Siptifon's Armour Shop.
 51772 | Vaults:1 | Reached skill level 20 in Fighting
 51784 | Vaults:1 | Found Atiwofup's Magic Scroll Boutique.
 51863 | Vaults:1 | Lost mutation: Your spells are a little harder to cast, but
                  | a little more powerful. [potion of mutation]
 51863 | Vaults:1 | Lost mutation: You are weak. (Str -2) [potion of mutation]
 51863 | Vaults:1 | Gained mutation: You possess an exceptional clarity of
                  | mind. [potion of mutation]
 51863 | Vaults:1 | Gained mutation: You have large cloven feet. [potion of
                  | mutation]
 51863 | Vaults:1 | Gained mutation: You are resistant to electric shocks.
                  | (rElec) [potion of mutation]
 51863 | Vaults:1 | Gained mutation: You are strong-willed. (Will+) [potion of
                  | mutation]
 51984 | Vaults:1 | You fall into a shaft and drop 1 floor!
 51984 | Vaults:2 | Found Ugaffih's Assorted Antiques.
 52767 | Vaults:2 | Received a gift from Nemelex Xobeh
 53713 | Vaults:1 | Received a gift from Nemelex Xobeh
 54278 | Vaults:2 | Received a gift from Nemelex Xobeh
 54317 | Vaults:2 | Reached XP level 20. HP: 189/231 MP: 32/32
 54512 | Vaults:2 | Reached skill level 10 in Armour
 54882 | Vaults:2 | Bought a potion of curing for 96 gold pieces
 54882 | Vaults:2 | Bought brightly glowing ice dragon scales for 2080 gold
                  | pieces
 54882 | Vaults:2 | Identified the +0 ice dragon scales "Sucsife" {rF- rC++
                  | Will+} (You bought it in a shop on level 2 of the Vaults)
 56268 | Vaults:2 | Received a gift from Nemelex Xobeh
 56367 | Vaults:2 | Reached skill level 21 in Fighting
 56860 | Vaults:2 | Found a staircase to the Crypt.
 57618 | Vaults:3 | Received a gift from Nemelex Xobeh
 57718 | Vaults:3 | Found a glowing silver altar of Zin.
 57718 | Vaults:3 | Found a white marble altar of Elyvilon.
 57718 | Vaults:3 | Found a crumbling gateway.
 57740 | Vaults:3 | Found a glowing golden altar of the Shining One.
 57891 | Desolati | Entered the Desolation of Salt
 57891 | Desolati | Received a gift from Nemelex Xobeh
 58633 | Desolati | Got Sif Muna's Incunable of Companions
 58946 | Desolati | Received a gift from Nemelex Xobeh
 59272 | Desolati | Identified the +0 hat "Qasahiaweph" {rElec rPois Will-
                  | rCorr}
 59277 | Desolati | Got the Guidebook on Scintillating Sparks
 59378 | Desolati | HP: 2/234 [crystal guardian/crystal bolt (38)]
 59379 | Desolati | Killed from afar by a crystal guardian

Illustrated notes

Levels and vault maps discovered:
D:1:      co_arrival_random_square_maze, layout_basic
D:2:      layout_loops_cross, hellmonk_ecumenical_altar_run_dry,
          grunt_ministairs_12, minmay_pentomino_o4, uniq_robin,
          uniq_crazy_yiuf_cottage
D:3:      layout_basic, uniq_natasha, uniq_grinder
D:4:      layout_basic, temple_hall
D:5:      layout_basic, uniq_blork_the_orc, uniq_prince_ribbit1
D:6:      layout_basic, nicolae_qazlal_scattered_showers, nicolae_titane,
          uniq_pikel
D:7:      wad_lake_hut, layout_basic, enter_bailey_3, kennysheep_generic_room_2,
          uniq_joseph
D:8:      layout_basic, gammafunk_ghost_cemetery
D:9:      nzn_winding_woodlands_medium [nzn_winding_woodlands_5x5_open_star,
          nzn_winding_woodlands_5x15_jagged, nzn_winding_woodlands_5x5_cross,
          nzn_winding_woodlands_5x5_closed_star,
          nzn_winding_woodlands_center_pierced_h,
          nzn_winding_woodlands_5x5_default, nzn_winding_woodlands_5x5_default,
          nzn_winding_woodlands_5x15_pathside_ponds,
          nzn_winding_woodlands_5x5_default], layout_long_grid,
          david_lair_generic
D:10:     layout_roguey, gammafunk_temple_overflow_forgotten,
          minmay_orc_entry_temple_small, serial_shops, shop, nicolae_the_louvre,
          uniq_nergalle
D:11:     layout_long_grid, nicolae_vehumet_radiance
D:12:     layout_loops_corners, nicolae_fountain_basement, uniq_jorgrun
D:13:     layout_cave_pods, hangedman_vaults_entry_quadrant_bands
D:14:     layout_roguey, serial_rivers, chequers_serial_rivers_room_b,
          chequers_serial_rivers_room_b, chequers_serial_rivers_small_a,
          chequers_serial_rivers_small_a
D:15:     hangedman_slaughterboxes
Lair:1:   layout_regular_city, hangedman_tree_tricks
Lair:2:   layout_chaotic_city, hellmonk_spider_entry_life_and_decay,
          st_stairs_8, uniq_maggie
Lair:3:   layout_chaotic_city, minmay_swamp_entry_eels,
          infiniplex_staircase_pool
Lair:4:   layout_small_grid, nicolae_slime_entry_slimehenge,
          hangedman_lair_generics_rect, lemuel_fruit_tree
Lair:5:   hellmonk_lair_end_abyssal_woods, layout_regular_city, st_stairs_4,
          nicolae_lair_run_with_the_wolves, serial_bayou_shore_b
Swamp:1:  layout_basic_swamp, lemuel_altar_in_water,
          nicolae_swamp_necromancy_gone_wrong, nicolae_swamp_decorative_isthmus
Swamp:2:  layout_basic_swamp, nicolae_swamp_fairy_circle
Swamp:3:  layout_basic_swamp, evilmike_swamp_ruin_house_4, swamp_pool_5
Swamp:4:  nzn_swamp_witches_coven, layout_basic_swamp, ldierk_geyser,
          uniq_mlioglotl, uniq_bai_suzhen
Spider:1: layout_spider_delve, uniq_asterion
Spider:2: layout_spider_delve
Spider:3: layout_spider_delve, uniq_arachne
Spider:4: floodkiller_spider_rune_tomb
Orc:1:    layout_caves, basic_altar, nicolae_orc_crystal_seam,
          nicolae_orc_seminary
Orc:2:    grunt_orc_tribal_feast, layout_caves
Vaults:1: hangedman_vaults_impose, vaults_room_semicircle, v_misc_9,
          nicolae_vaults_house_2, v_misc_9,
          nicolae_vaults_doubleplus_tesselated,
          nicolae_vaults_ring_of_whatevers, layout_vaults_omnigrid,
          serial_shops, bzr_entry_dummy, shop, shop, shop_fountains
Vaults:2: nicolae_vaults_little_squares_5, ontoclasm_vaults_chip,
          nicolae_vaults_closet_pinwheel_2, grunt_vaults_hallway_short,
          v_misc_3, minmay_crypt_entry_skeletal_spiral, v_misc_28,
          v_alt_pattern_4, hangedman_vaults_stretched_pinwheel, v_misc_22,
          nicolae_vaults_steering_wheel, v_misc_32,
          nicolae_vaults_double_plus_2, nicolae_vaults_little_squares_6,
          layout_vaults_ring, serial_shops, shop
Vaults:3: portal_desolation_entry_holy_temple, nicolae_vaults_tetromino_Z_2,
          nicolae_vaults_network_periphery, nicolae_vaults_trapezoid_4,
          nicolae_vaults_shipping_containers_3, nicolae_vaults_house_2,
          vaults_dpeg_diagonal, v_misc_17, nicolae_vaults_tetromino_Z_1,
          layout_vaults_big_room
Desolation

Skill      XL: |  1  2  3  4  5  6  7  8  9 10 11 12 13 14 15 16 17 18 19 20 |
---------------+-------------------------------------------------------------+-----
Fighting       | 3 4 5 6 7 8 9 10 11 13 15 16 17 19 20 21 | 21.6
Dodging        | 3 4 5 6 7 8 9 10 11 12 | 12.5
Staves         | 4 5 6 7 8 |  8.0
Stealth        | 1 |  1.0
Invocations    | 2 3 5 7 8 10 11 12 13 14 15 16 17 18 | 18.6
Throwing       | 3 4 5 6 7 8 9 |  9.0
Maces & Flails | 4 7 10 12 14 15 16 17 18 | 18.9
Shapeshifting  | 2 3 4 5 7 8 |  8.9
Evocations     | 1 2 3 |  3.1
Armour         | 2 3 4 6 7 8 9 10 | 10.8
Shields        | 2 |  2.5

Action                     |  1- 3 |  4- 6 |  7- 9 | 10-12 | 13-15 | 16-18 | 19-21 || total
---------------------------+-------+-------+-------+-------+-------+-------+-------++-------
  Melee: Quarterstaff      |    55 |    83 |   111 |       |       |       |       ||   249
         Headbutt          |     5 |     9 |    31 |    95 |   202 |   387 |   400 ||  1129
         Dire flail        |       |       |    57 |   393 |   817 |  1300 |  1284 ||  3851
         Kick              |       |       |       |       |       |       |   433 ||   433
   Fire: Sling             |     6 |       |       |       |       |       |       ||     6
  Throw: Throwing net      |     2 |     1 |     1 |       |       |       |       ||     4
         Large rock        |     1 |     8 |    30 |    55 |    55 |    93 |    45 ||   287
         Dart              |       |       |       |       |       |     1 |       ||     1
 Invoke: Draw Destruction  |       |     3 |    12 |    14 |    30 |    22 |    35 ||   116
         Draw Escape       |       |       |     2 |     3 |     6 |     6 |     5 ||    22
         Draw Summoning    |       |       |     4 |     7 |     8 |     7 |       ||    26
         Triple Draw       |       |       |       |     1 |       |       |       ||     1
         Stack Five        |       |       |       |       |       |     1 |       ||     1
         Draw Stack        |       |       |       |       |       |       |     2 ||     2
         Deal Four         |       |       |       |       |       |       |     1 ||     1
  Evoke: Wand              |       |       |     5 |    14 |    14 |    15 |     3 ||    51
         Lightning rod     |       |       |       |       |     4 |     3 |     4 ||    11
         Phantom mirror    |       |       |       |       |       |     1 |       ||     1
    Use: Potion            |     1 |       |     3 |     1 |     6 |    13 |    10 ||    34
         Scroll            |       |     4 |     5 |     3 |    14 |     8 |     3 ||    37
   Stab: Held in net/web   |       |     1 |       |       |       |       |       ||     1
         Sleeping          |       |     1 |     3 |     2 |     1 |     3 |     2 ||    12
         Confused          |       |       |     1 |       |       |       |       ||     1
         Distracted        |       |       |     1 |       |     1 |       |       ||     2
         Petrifying        |       |       |       |     1 |     1 |       |       ||     2
         Petrified         |       |       |       |       |     3 |       |       ||     3
 Armour: Robe              |    25 |    65 |   167 |   150 |       |       |       ||   407
         Acid dragon scale |       |       |       |   108 |   625 |  1071 |   895 ||  2699
  Dodge: Dodged            |    43 |    78 |   118 |   215 |   389 |   692 |   699 ||  2234
  Block: Other             |       |       |       |       |       |    85 |    39 ||   124
         Reflection        |       |       |       |       |       |       |     1 ||     1
   Form: Beast             |       |       |     1 |       |     2 |       |       ||     3
                           |       |       |       |       |     3 |       |       ||     3
